 Dungeon Crawl Stone Soup version 0.30-a0-862-g1aabd4f (webtiles) character file.

Game seed: 11341703772143835129

222 Dorkslayer the Shield-Bearer (level 5, 0/46 HPs)
             Began as a Hill Orc Fighter on Mar 8, 2023.
             Slain by an ogre
             ... wielding a +0 giant spiked club
              (33 damage)
             ... on level 4 of the Dungeon.
             The game lasted 00:11:42 (3348 turns).

Dorkslayer the Shield-Bearer (Hill Orc Fighter)     Turns: 3348, Time: 00:11:43

Health: 0/46       AC:  9    Str: 21    XL:     5   Next: 99%
Magic:  14/14      EV: 10    Int:  8    God:
Gold:   223        SH:  5    Dex: 10    Spells: 4/4 levels left

rFire   . . .      SeeInvis .    a - +0 war axe
rCold   + . .      Faith    .    c - +0 buckler
rNeg    + + .      Spirit   .    b - +0 scale mail
rPois   .          Reflect  .    p - +0 helmet
rElec   +          Rampage  .    e - +0 cloak
rCorr   .                        (no gloves)
Will    .....                    (no boots) Stlth
                                 (no amulet)
HPRegen 0.27/turn                d - ring "Ilenobaom" {*Slow rElec rC+ rN++ MP+9}
MPRegen 0.14/turn                (no ring)

@: no status effects
A: no striking features
a: no special abilities


You were on level 4 of the Dungeon.
You visited 1 branch of the dungeon, and saw 4 of its levels.

You collected 312 gold pieces.
You spent 89 gold pieces at shops.

Inventory:

Hand Weapons
 a - a +0 war axe (weapon)
Armour
 b - a +0 scale mail (worn)
 c - a +0 buckler (worn)
 e - a +0 cloak (worn)
 p - a +0 helmet (worn)
Jewellery
 d - the ring "Ilenobaom" (left hand) {*Slow rElec rC+ rN++ MP+9}
   (You found it on level 3 of the Dungeon)

   [ring of protection from cold]

   rC:        It protects you from cold.
   rElec:     It insulates you from electricity.
   rN:        It greatly protects you from negative energy.
   MP:        It affects your magic capacity (+9).
   *Slow:     It may slow you when you take damage.
Scrolls
 f - a scroll of summoning {unknown}
 o - 5 scrolls of amnesia
Potions
 g - a potion of resistance
 h - 2 potions of brilliance
 i - a potion of flight {unknown}
 j - 2 potions of curing
 k - 2 potions of invisibility
 l - a potion of ambrosia
 n - a potion of magic {unknown}
 r - a potion of mutation {unknown}
 t - 2 potions of heal wounds


   Skills:
 * Level 4.1 Fighting
 * Level 3.3 Axes
 * Level 3.7 Armour
 * Level 2.7 Dodging
 + Level 4.9 Shields


You had 4 spell levels left.
You didn't know any spells.
Your spell library contained the following spells:

 Spells                   Type           Power      Damage    Failure   Level
 Ignite Poison            Fire/Tmut/Pois 0%         N/A       99%         3
 Sticky Flame             Conj/Fire      0%         2d3       100%        4
 Ignition                 Fire           0%         3d3       100%        8


Dungeon Overview and Level Annotations

Branches:
Dungeon (4/15)
 Temple: D:4-7

Altars:

Shops:
D:2 *


Message History

As you read the scroll labelled ZOAXEV YREMY, it crumbles to dust.
You feel strangely unstable.
It was a scroll of teleportation.
As you read the scroll labelled KUHUUT UBEI, it crumbles to dust.
The air around you briefly surges with heat, but it dissipates.
It was a scroll of immolation.
Blink to where?
Press: ? - help, Dir - move target, f - you Are you sure you want to cancel this blink? [Y]es or [N]o only, please.
Are you sure you want to cancel this blink?
Blink to where?
Press: ? - help, Dir - move target Are you sure you want to cancel this blink?
Okay, then.
As you read the scroll labelled NIELOR XELI, it crumbles to dust.
It was a scroll of blinking.
The air fills with toxic fumes!
As you read the scroll labelled NOMOYMPITZO, it crumbles to dust.
It was a scroll of poison.
Partly explored, can't reach some places.
You start waiting.
Your surroundings suddenly seem different.
Found a metallic clear potion, 16 gold pieces and a scroll labelled KIHOEBUIGI.
You now have 223 gold pieces (gained 16).
Found a stone staircase leading up.
f - a scroll labelled KIHOEBUIGI
i - a metallic clear potion An ogre comes into view.
It is wielding a +0 giant spiked club.
The ogre closely misses you.
You slash the ogre!
The ogre is moderately wounded.
The ogre barely misses you.
You hit the ogre.
The ogre is severely wounded.
The ogre hits you with a +0 giant spiked club!
You barely miss the ogre.
The ogre is severely wounded.
The ogre hits you with a +0 giant spiked club!!
Ouch! That really hurt!
You die...

,******#.##......................
,,***,...#..#.#.............8....
,,,,..####.##)#..................
,,..#**#......#..............####
,,.,***#......#..................
,,,,,,.............#.............
,,,,,.#..........##..............
,,,,,,...........##..............
,,****#.........@O...............
,,,,,,...........................
,,****.........##................
,,,,,,,,,......*#.#..............
,>,,,,,,*####.*...##<............
,,,,,,*,* **#...#####.....##.....
,,,,,,*,***...##* #.###########
,,,,,,,,,,,.#,* #.#
,,,,,,,,,****,* #.#


You could see an ogre.

Vanquished Creatures
  Terence (D:3)
  An iguana (D:4)
  An orc wizard (D:4)
  Robin (D:2)
  7 adders
  3 dart slugs
  A worm (D:3)
  3 orcs
  3 endoplasms
  5 giant cockroaches
  8 goblins
  8 hobgoblins
  2 jackals (D:1)
  4 kobolds
  4 quokkas
  3 ball pythons
  3 bats
  4 frilled lizards
  6 rats
  4 toadstools (D:4)
72 creatures vanquished.

Vanquished Creatures (others)
  An orc wizard (D:4)
  12 fungi (D:4)
13 creatures vanquished.

Grand Total: 85 creatures vanquished

Notes
Turn   | Place    | Note
-------+----------+-------------------------------------------
     0 | D:1      | Dorkslayer the Hill Orc Fighter began the quest for the
                  | Orb.
     0 | D:1      | Reached XP level 1. HP: 19/19 MP: 1/1
    89 | D:1      | Found a faded altar of an unknown god.
   195 | D:1      | Reached XP level 2. HP: 26/26 MP: 2/2
   451 | D:1      | Reached skill level 1 in Dodging
  1132 | D:2      | Reached XP level 3. HP: 31/31 MP: 3/3
  1242 | D:2      | Found Zeotian's Assorted Antiques.
  1270 | D:2      | Bought a bubbling coppery potion for 27 gold pieces
  1270 | D:2      | Bought a scroll labelled XETRUD GAVVYT for 31 gold pieces
  1270 | D:2      | Bought a scroll labelled BOUMUA PUIBUQEYL for 31 gold
                  | pieces
  1446 | D:2      | You fall into a shaft and drop 1 floor!
  1456 | D:3      | Reached XP level 4. HP: 39/39 MP: 4/4
  1832 | D:2      | Noticed Robin
  1845 | D:2      | Killed Robin
  2164 | D:3      | Noticed Terence
  2175 | D:3      | Killed Terence
  2176 | D:3      | Reached XP level 5. HP: 36/46 MP: 5/5
  2526 | D:3      | Identified the ring "Ilenobaom" {*Slow rElec rC+ rN++ MP+9}
  3340 | D:4      | Noticed an ogre
  3348 | D:4      | Slain by an ogre

Illustrated notes

Levels and vault maps discovered:
D:1:      co_arrival_random_square_maze, layout_basic,
          dreamdust_ecumenical_altar_grove, minmay_bisected
D:2:      layout_loops_ring, serial_shops, nicolae_shop_waterfront, uniq_robin
D:3:      layout_basic, uniq_terence
D:4:      layout_rooms, minmay_gold_behind_fungi, st_stairs_1

Skill      XL: |  1  2  3  4  5 |
---------------+----------------+-----
Dodging        | 1 2 |  2.7
Shields        | 4 |  4.9
Axes           | 3 |  3.3
Fighting       | 4 |  4.1
Armour         | |  3.7

Action                     |  1- 3 |  4- 6 || total
---------------------------+-------+-------++-------
  Melee: War axe           |    86 |   164 ||   250
    Use: Potion            |       |     1 ||     1
         Scroll            |       |    12 ||    12
 Armour: Scale mail        |    48 |    76 ||   124
  Dodge: Dodged            |    54 |    76 ||   130
  Block: Buckler           |    21 |    37 ||    58

Table legend: (Time is in decaauts)
 A = Elapsed time spent in this place.
 B = Non-inter-level travel time spent in this place.
 C = Inter-level travel time spent in this place.
 D = Time resting spent in this place.
 E = Time spent auto-exploring this place.
 F = Levels seen in this place.
 G = Mean time per level.
                   A        B        C        D        E       F      G
               +--------+--------+--------+--------+--------+-----+--------+
         Total |   3445 |   3445 |      0 |      0 |   2262 |   4 |  861.2 |
       Dungeon |   3445 |   3445 |      0 |      0 |   2262 |   4 |  861.2 |
               +--------+--------+--------+--------+--------+-----+--------+

Top non-repeatable levels by time:
     D:3: 1173 daAuts
     D:1: 1087 daAuts
     D:2: 856 daAuts
     D:4: 327 daAuts
